[ AOE2 MATCH · #491981812 ]
UnrankedHindustanis vs Vietnamese
[ REPLAY ANALYSIS · EXTRACTED FROM THE RECORDED GAME ]
Feudal
11:11
Castle
15:04
Imperial
32:14
| APM avg | 32.3 |
| APM peak | 78 |
| eAPM avg | 16.2 |
| Villagers / military | 146 / 276 |
Focus
⚔️ 31.3% · 🌾 68.7%
Camel Scout ×242 · Ghulam ×23 · Bombard Cannon ×5 · Armored Elephant ×4 · Monk ×2
Feudal
8:30
Castle
22:51
Imperial
41:03
| APM avg | 36.0 |
| APM peak | 69 |
| eAPM avg | 18.4 |
| Villagers / military | 106 / 68 |
Focus
⚔️ 33.5% · 🌾 66.5%
Spearman ×41 · Archer ×23 · Monk ×2 · Iron Pagoda ×2 · Trade Cart ×1
Feudal
11:00
Castle
20:38
Imperial
38:03
| APM avg | 43.0 |
| APM peak | 73 |
| eAPM avg | 28.9 |
| Villagers / military | 132 / 126 |
Focus
⚔️ 41.6% · 🌾 58.4%
Rattan Archer ×69 · Spearman ×51 · Monk ×3 · Battering Ram ×2 · Mangonel ×1
Feudal
11:29
Castle
15:51
Imperial
32:28
| APM avg | 42.6 |
| APM peak | 73 |
| eAPM avg | 17.3 |
| Villagers / military | 141 / 329 |
Focus
⚔️ 28.6% · 🌾 71.4%
Knight ×287 · Scout Cavalry ×35 · Trebuchet (Packed) ×4 · Petard ×3
Feudal
11:22
Castle
15:01
Imperial
30:39
| APM avg | 48.6 |
| APM peak | 108 |
| eAPM avg | 24.3 |
| Villagers / military | 174 / 220 |
Focus
⚔️ 35.5% · 🌾 64.5%
Knight ×211 · Trade Cart ×23 · Trebuchet (Packed) ×9
Feudal
8:28
Castle
26:53
Imperial
32:07
| APM avg | 40.0 |
| APM peak | 68 |
| eAPM avg | 25.4 |
| Villagers / military | 139 / 133 |
Focus
⚔️ 53.5% · 🌾 46.5%
Kipchak ×123 · Unknown (1260) ×35 · Mangonel ×8 · Trade Cart ×4 · Battering Ram ×2
Feudal
10:31
Castle
15:13
Imperial
38:04
| APM avg | 39.1 |
| APM peak | 111 |
| eAPM avg | 20.6 |
| Villagers / military | 125 / 170 |
Focus
⚔️ 44.9% · 🌾 55.1%
Skirmisher ×103 · Spearman ×57 · Monk ×9 · Trebuchet (Packed) ×1
Feudal
10:55
Castle
14:41
Imperial
31:58
| APM avg | 41.9 |
| APM peak | 77 |
| eAPM avg | 21.8 |
| Villagers / military | 176 / 198 |
Focus
⚔️ 26.3% · 🌾 73.7%
Knight ×168 · Scout Cavalry ×15 · Trebuchet (Packed) ×9 · Trade Cart ×5 · Monk ×4 · Bombard Cannon ×2
Match map
Initial resources + every placement click. Lines = walls · curves = elevation contours. ◆ gold · ⬟ stone · ● berries · ✦ relic · ◌ wall gap
Your base· ✓ Closed at 15:04 · 0t walls · 3 gate(s)
BCPrattIV's base· ✓ Closed at 22:51 · 1t walls · 2 gate(s)
奶油小豚's base· ✓ Closed at 20:38 · 53t walls · 5 gate(s)
shottyg's base· ✓ Closed at 15:51 · 0t walls · 2 gate(s)
王星's base· ✓ Closed at 15:01 · 0t walls · 2 gate(s)
Feather的貓's base· ✓ Closed at 26:53 · 0t walls · 2 gate(s)
Green boy's base· ✓ Closed at 15:13 · 35t walls · 3 gate(s)
Feather's base· ✓ Closed at 14:41 · 0t walls · 3 gate(s)
Smoothed initial terrain · ◌ = detected wall gap · hover for details
Inputs per minute
— Nubsinc - - BCPrattIV
Build order — Nubsinc
First 150 of 413 actions detected
| 0:01 | Queue | Villager (Male) |
| 0:01 | Queue | Villager (Male) |
| 0:01 | Queue | Villager (Male) |
| 0:01 | Queue | Villager (Male) |
| 0:02 | Queue | Villager (Male) |
| 0:04 | Build | House |
| 0:07 | Build | House |
| 1:12 | Queue | Villager (Male) |
| 1:12 | Queue | Villager (Male) |
| 1:32 | Queue | Villager (Male) |
| 1:33 | Queue | Villager (Male) |
| 1:52 | Research | Loom |
| 1:52 | Research | Loom |
| 2:01 | Queue | Villager (Male) |
| 2:23 | Queue | Villager (Male) |
| 2:43 | Build | Lumber Camp |
| 2:54 | Queue | Villager (Male) |
| 2:55 | Queue | Villager (Male) |
| 2:55 | Queue | Villager (Male) |
| 3:30 | Queue | Villager (Male) |
| 3:33 | Build | House |
| 3:35 | Build | House |
| 3:44 | Queue | Villager (Male) |
| 3:44 | Queue | Villager (Male) |
| 4:43 | Queue | Villager (Male) |
| 4:52 | Queue | Villager (Male) |
| 5:37 | Build | Mining Camp |
| 6:05 | Queue | Villager (Male) |
| 6:06 | Queue | Villager (Male) |
| 6:06 | Queue | Villager (Male) |
| 6:20 | Queue | Villager (Male) |
| 6:20 | Queue | Villager (Male) |
| 6:35 | Build | Mill |
| 6:37 | Queue | Villager (Male) |
| 6:37 | Queue | Villager (Male) |
| 6:54 | Queue | Villager (Male) |
| 7:29 | Queue | Villager (Male) |
| 8:40 | Build | Mining Camp |
| 8:51 | Research | Feudal Age |
| 9:48 | Queue | Villager (Male) |
| 9:48 | Queue | Villager (Male) |
| 9:56 | Build | House |
| 11:11 | Age | Feudal Age |
| 11:24 | Build | Market |
| 11:27 | Build | Blacksmith |
| 12:24 | Research | Castle Age |
| 13:53 | Queue | Villager (Male) |
| 14:16 | Build | Farm |
| 14:16 | Build | Farm |
| 14:18 | Build | Farm |
| 14:20 | Build | Farm |
| 14:23 | Research | Horse Collar |
| 14:24 | Research | Double-Bit Axe |
| 15:04 | Age | Castle Age |
| 15:10 | Build | Castle |
| 15:17 | Queue | Villager (Male) |
| 15:29 | Build | Siege Workshop |
| 15:36 | Build | Farm |
| 15:40 | Queue | Villager (Male) |
| 16:02 | Build | Farm |
| 16:11 | Queue | Villager (Male) |
| 16:33 | Build | Farm |
| 16:50 | Build | Farm |
| 16:51 | Queue | Ghulam |
| 16:51 | Queue | Ghulam |
| 16:52 | Queue | Ghulam |
| 16:52 | Queue | Ghulam |
| 16:52 | Queue | Ghulam |
| 17:28 | Build | Town Center |
| 17:39 | Queue | Armored Elephant |
| 17:48 | Build | Farm |
| 18:29 | Queue | Ghulam |
| 18:30 | Queue | Ghulam |
| 18:30 | Queue | Ghulam |
| 18:31 | Queue | Villager (Male) |
| 18:36 | Research | Gold Mining |
| 18:41 | Build | Farm |
| 19:11 | Queue | Ghulam |
| 19:12 | Queue | Ghulam |
| 19:13 | Research | Scale Barding Armor |
| 19:16 | Research | Scale Mail Armor |
| 19:48 | Queue | Villager (Male) |
| 19:49 | Queue | Villager (Male) |
| 19:49 | Queue | Villager (Male) |
| 20:40 | Queue | Villager (Male) |
| 20:40 | Queue | Villager (Male) |
| 20:41 | Queue | Villager (Male) |
| 20:52 | Queue | Armored Elephant |
| 21:55 | Queue | Ghulam |
| 21:55 | Queue | Ghulam |
| 21:56 | Queue | Ghulam |
| 21:56 | Queue | Ghulam |
| 22:08 | Queue | Villager (Male) |
| 22:09 | Queue | Villager (Male) |
| 22:09 | Queue | Villager (Male) |
| 22:12 | Build | Farm |
| 22:12 | Build | Farm |
| 22:13 | Build | Farm |
| 22:13 | Build | Farm |
| 22:18 | Queue | Villager (Male) |
| 22:18 | Queue | Villager (Male) |
| 22:58 | Queue | Villager (Male) |
| 22:59 | Queue | Villager (Male) |
| 22:59 | Queue | Villager (Male) |
| 23:02 | Build | Farm |
| 23:04 | Build | Farm |
| 23:04 | Build | Farm |
| 23:05 | Build | Farm |
| 23:05 | Build | Farm |
| 23:10 | Build | Farm |
| 23:12 | Queue | Villager (Male) |
| 23:12 | Queue | Villager (Male) |
| 23:12 | Queue | Villager (Male) |
| 23:37 | Build | Monastery |
| 23:39 | Queue | Villager (Male) |
| 23:39 | Queue | Villager (Male) |
| 23:42 | Build | Farm |
| 23:45 | Queue | Villager (Male) |
| 23:49 | Build | Farm |
| 23:53 | Build | Farm |
| 23:55 | Queue | Villager (Male) |
| 23:57 | Build | Farm |
| 24:06 | Queue | Villager (Male) |
| 24:06 | Queue | Villager (Male) |
| 24:06 | Queue | Villager (Male) |
| 24:07 | Queue | Villager (Male) |
| 24:15 | Queue | Ghulam |
| 24:15 | Queue | Ghulam |
| 24:16 | Queue | Ghulam |
| 24:16 | Queue | Ghulam |
| 24:16 | Queue | Ghulam |
| 24:16 | Queue | Ghulam |
| 24:16 | Queue | Ghulam |
| 24:35 | Queue | Monk |
| 24:42 | Queue | Villager (Male) |
| 24:46 | Build | House |
| 24:47 | Build | House |
| 24:48 | Build | House |
| 24:53 | Build | House |
| 24:55 | Build | House |
| 24:56 | Build | House |
| 25:10 | Queue | Villager (Male) |
| 25:14 | Build | Farm |
| 25:24 | Research | Wheelbarrow |
| 25:28 | Queue | Villager (Male) |
| 25:37 | Queue | Villager (Male) |
| 25:37 | Queue | Villager (Male) |
| 25:46 | Research | Chain Mail Armor |
| 26:01 | Queue | Armored Elephant |
| 26:02 | Queue | Armored Elephant |
Build order — BCPrattIV
First 150 of 300 actions detected
| 0:01 | Queue | Villager (Male) |
| 0:02 | Build | House |
| 0:04 | Build | House |
| 0:19 | Queue | Villager (Male) |
| 0:19 | Queue | Villager (Male) |
| 0:27 | Queue | Villager (Male) |
| 1:29 | Queue | Villager (Male) |
| 1:44 | Build | Lumber Camp |
| 2:02 | Queue | Villager (Male) |
| 2:31 | Queue | Villager (Male) |
| 2:43 | Queue | Villager (Male) |
| 3:08 | Build | House |
| 3:20 | Queue | Villager (Male) |
| 3:47 | Queue | Villager (Male) |
| 4:08 | Queue | Villager (Male) |
| 4:40 | Queue | Villager (Male) |
| 5:00 | Queue | Villager (Male) |
| 5:10 | Build | Mining Camp |
| 5:25 | Queue | Villager (Male) |
| 5:50 | Queue | Villager (Male) |
| 6:18 | Research | Feudal Age |
| 6:43 | Build | House |
| 7:26 | Build | Barracks |
| 8:00 | Build | Mining Camp |
| 8:19 | Queue | Villager (Male) |
| 8:30 | Age | Feudal Age |
| 8:43 | Build | Archery Range |
| 8:50 | Queue | Villager (Male) |
| 9:20 | Build | Watch Tower |
| 9:21 | Queue | Archer |
| 9:22 | Queue | Archer |
| 9:24 | Queue | Villager (Male) |
| 9:40 | Queue | Villager (Male) |
| 10:05 | Queue | Archer |
| 10:20 | Build | Blacksmith |
| 10:24 | Queue | Villager (Male) |
| 10:32 | Build | House |
| 11:02 | Build | House |
| 11:12 | Queue | Villager (Male) |
| 11:25 | Queue | Archer |
| 11:32 | Research | Fletching |
| 11:43 | Queue | Villager (Male) |
| 12:07 | Build | Watch Tower |
| 12:12 | Queue | Archer |
| 12:14 | Queue | Villager (Male) |
| 13:01 | Queue | Villager (Male) |
| 13:32 | Queue | Villager (Male) |
| 13:57 | Build | Watch Tower |
| 14:08 | Queue | Villager (Male) |
| 14:17 | Queue | Villager (Male) |
| 14:20 | Build | Mill |
| 14:26 | Research | Loom |
| 14:45 | Queue | Villager (Male) |
| 14:51 | Build | Outpost |
| 15:00 | Queue | Villager (Male) |
| 15:13 | Queue | Archer |
| 15:17 | Queue | Archer |
| 15:22 | Build | Farm |
| 15:23 | Build | Farm |
| 15:23 | Build | Farm |
| 15:23 | Build | Farm |
| 15:29 | Build | House |
| 15:30 | Build | House |
| 15:34 | Queue | Archer |
| 15:54 | Build | Farm |
| 16:05 | Queue | Archer |
| 16:11 | Build | Watch Tower |
| 16:15 | Queue | Villager (Male) |
| 16:18 | Queue | Archer |
| 16:29 | Build | Farm |
| 16:39 | Queue | Archer |
| 16:44 | Queue | Villager (Male) |
| 16:47 | Build | House |
| 17:17 | Queue | Archer |
| 17:18 | Queue | Villager (Male) |
| 17:37 | Build | Farm |
| 17:43 | Queue | Archer |
| 18:04 | Queue | Archer |
| 18:06 | Queue | Villager (Male) |
| 18:41 | Build | Watch Tower |
| 18:46 | Queue | Archer |
| 18:53 | Queue | Villager (Male) |
| 18:55 | Build | Palisade Wall |
| 19:00 | Build | Market |
| 19:46 | Queue | Villager (Male) |
| 20:05 | Research | Castle Age |
| 20:22 | Build | Watch Tower |
| 22:01 | Build | Watch Tower |
| 22:03 | Queue | Villager (Male) |
| 22:06 | Research | Wheelbarrow |
| 22:08 | Research | Double-Bit Axe |
| 22:14 | Research | Gold Mining |
| 22:29 | Build | Watch Tower |
| 22:51 | Age | Castle Age |
| 22:57 | Research | Crossbowman (upgrade) |
| 23:16 | Research | Bodkin Arrow |
| 23:20 | Build | University |
| 23:29 | Queue | Villager (Male) |
| 23:36 | Queue | Archer |
| 23:46 | Build | House |
| 23:52 | Queue | Archer |
| 24:01 | Build | Watch Tower |
| 24:22 | Research | Guard Tower (upgrade) |
| 25:04 | Queue | Villager (Male) |
| 25:15 | Research | Ballistics |
| 26:04 | Queue | Villager (Male) |
| 26:15 | Queue | Villager (Male) |
| 26:17 | Build | Farm |
| 26:19 | Queue | Villager (Male) |
| 26:55 | Queue | Villager (Male) |
| 26:58 | Build | House |
| 26:59 | Build | House |
| 27:11 | Build | Stone Wall |
| 27:15 | Build | House |
| 27:17 | Build | House |
| 27:59 | Queue | Villager (Male) |
| 28:10 | Research | Masonry |
| 28:15 | Build | Farm |
| 28:15 | Build | Farm |
| 28:30 | Queue | Archer |
| 28:31 | Queue | Archer |
| 28:31 | Queue | Archer |
| 28:35 | Build | Farm |
| 28:35 | Build | Farm |
| 28:45 | Build | Town Center |
| 28:46 | Queue | Villager (Male) |
| 28:53 | Queue | Archer |
| 28:53 | Queue | Archer |
| 29:01 | Build | Archery Range |
| 29:02 | Queue | Villager (Male) |
| 29:22 | Build | Stone Wall |
| 29:23 | Queue | Villager (Male) |
| 29:27 | Queue | Villager (Male) |
| 29:35 | Build | Farm |
| 29:35 | Build | Farm |
| 29:35 | Build | Farm |
| 29:35 | Build | Farm |
| 29:43 | Queue | Archer |
| 30:01 | Queue | Villager (Male) |
| 30:07 | Build | House |
| 30:08 | Queue | Villager (Male) |
| 30:15 | Research | Bow Saw |
| 30:17 | Queue | Villager (Male) |
| 30:18 | Queue | Villager (Male) |
| 30:24 | Build | Farm |
| 30:30 | Queue | Villager (Male) |
| 30:57 | Queue | Villager (Male) |
| 31:15 | Build | Mining Camp |
| 31:20 | Build | Monastery |
| 31:47 | Queue | Villager (Male) |
Build order — 奶油小豚
First 150 of 458 actions detected
| 0:02 | Queue | Villager (Male) |
| 0:04 | Build | House |
| 0:05 | Build | House |
| 0:16 | Queue | Villager (Male) |
| 0:26 | Queue | Villager (Male) |
| 0:32 | Queue | Villager (Male) |
| 1:38 | Queue | Villager (Male) |
| 1:53 | Queue | Villager (Male) |
| 2:20 | Queue | Villager (Male) |
| 2:25 | Build | Lumber Camp |
| 2:41 | Queue | Villager (Male) |
| 2:55 | Queue | Villager (Male) |
| 3:35 | Queue | Villager (Male) |
| 3:37 | Build | House |
| 3:54 | Queue | Villager (Male) |
| 4:25 | Queue | Villager (Male) |
| 4:46 | Queue | Villager (Male) |
| 4:57 | Queue | Villager (Male) |
| 5:17 | Queue | Villager (Male) |
| 5:24 | Queue | Villager (Male) |
| 5:48 | Queue | Villager (Male) |
| 5:54 | Queue | Villager (Male) |
| 6:08 | Queue | Villager (Male) |
| 6:13 | Build | House |
| 6:53 | Queue | Villager (Male) |
| 6:57 | Build | Mill |
| 7:09 | Queue | Villager (Male) |
| 7:25 | Queue | Villager (Male) |
| 7:40 | Queue | Villager (Male) |
| 7:47 | Build | Farm |
| 7:53 | Build | House |
| 7:54 | Queue | Villager (Male) |
| 8:31 | Research | Feudal Age |
| 8:31 | Research | Feudal Age |
| 8:49 | Queue | Villager (Male) |
| 8:49 | Queue | Villager (Male) |
| 8:52 | Build | Mining Camp |
| 9:43 | Research | Loom |
| 9:43 | Research | Loom |
| 9:48 | Build | Palisade Wall |
| 10:00 | Build | Palisade Wall |
| 10:02 | Build | Palisade Wall |
| 10:19 | Build | Mining Camp |
| 10:24 | Build | Palisade Wall |
| 11:00 | Age | Feudal Age |
| 11:09 | Build | Watch Tower |
| 11:17 | Research | Town Watch |
| 11:23 | Research | Double-Bit Axe |
| 11:23 | Research | Double-Bit Axe |
| 11:25 | Queue | Villager (Male) |
| 11:36 | Queue | Villager (Male) |
| 11:42 | Build | Blacksmith |
| 12:01 | Queue | Villager (Male) |
| 12:13 | Build | House |
| 12:20 | Research | Fletching |
| 12:21 | Research | Fletching |
| 12:22 | Queue | Villager (Male) |
| 12:31 | Queue | Villager (Male) |
| 12:34 | Build | Farm |
| 12:35 | Queue | Villager (Male) |
| 13:08 | Build | Palisade Gate |
| 13:11 | Queue | Villager (Male) |
| 13:13 | Build | Farm |
| 13:14 | Build | Farm |
| 13:16 | Queue | Villager (Male) |
| 13:26 | Queue | Villager (Male) |
| 13:49 | Queue | Villager (Male) |
| 13:51 | Build | Farm |
| 13:52 | Queue | Villager (Male) |
| 14:09 | Queue | Villager (Male) |
| 14:17 | Build | Palisade Wall |
| 14:22 | Queue | Villager (Male) |
| 14:25 | Build | Farm |
| 14:35 | Build | Palisade Wall |
| 14:36 | Build | Palisade Wall |
| 14:40 | Build | Palisade Wall |
| 14:43 | Queue | Villager (Male) |
| 14:46 | Build | House |
| 14:49 | Queue | Villager (Male) |
| 15:15 | Build | House |
| 15:22 | Build | Palisade Wall |
| 15:24 | Build | Palisade Wall |
| 15:26 | Build | Palisade Wall |
| 15:31 | Build | Farm |
| 15:33 | Queue | Villager (Male) |
| 15:36 | Build | Farm |
| 15:42 | Queue | Villager (Male) |
| 16:12 | Build | Farm |
| 16:14 | Build | Farm |
| 16:22 | Queue | Villager (Male) |
| 16:45 | Queue | Villager (Male) |
| 16:53 | Build | Market |
| 16:57 | Research | Wheelbarrow |
| 17:30 | Build | Farm |
| 17:35 | Build | Farm |
| 17:46 | Build | House |
| 17:57 | Build | Farm |
| 17:58 | Research | Castle Age |
| 17:59 | Research | Castle Age |
| 18:12 | Build | House |
| 18:34 | Build | Stone Wall |
| 18:53 | Build | Stone Wall |
| 18:59 | Build | Stone Wall |
| 19:20 | Build | Stone Wall |
| 19:24 | Build | Stone Wall |
| 19:25 | Build | Stone Wall |
| 19:27 | Build | Stone Wall |
| 19:48 | Build | Stone Wall |
| 20:02 | Build | Palisade Gate |
| 20:18 | Build | House |
| 20:38 | Age | Castle Age |
| 20:41 | Build | Castle |
| 20:46 | Build | Castle |
| 21:02 | Build | Siege Workshop |
| 21:26 | Research | Bodkin Arrow |
| 21:37 | Queue | Battering Ram |
| 21:40 | Queue | Villager (Male) |
| 22:10 | Build | Lumber Camp |
| 22:25 | Build | Lumber Camp |
| 23:19 | Build | Monastery |
| 23:46 | Queue | Villager (Male) |
| 23:59 | Build | Mining Camp |
| 24:14 | Queue | Mangonel |
| 24:37 | Build | Farm |
| 24:38 | Build | Farm |
| 24:46 | Queue | Villager (Male) |
| 24:56 | Queue | Rattan Archer |
| 25:14 | Queue | Villager (Male) |
| 25:16 | Queue | Rattan Archer |
| 25:20 | Queue | Villager (Male) |
| 25:48 | Queue | Villager (Male) |
| 26:02 | Queue | Rattan Archer |
| 26:03 | Queue | Rattan Archer |
| 26:17 | Queue | Villager (Male) |
| 26:25 | Build | Stone Wall |
| 26:46 | Build | Farm |
| 26:47 | Build | Farm |
| 26:48 | Queue | Rattan Archer |
| 26:56 | Queue | Villager (Male) |
| 27:00 | Queue | Rattan Archer |
| 27:14 | Build | Town Center |
| 27:16 | Queue | Villager (Male) |
| 27:39 | Queue | Villager (Male) |
| 28:27 | Build | Palisade Gate |
| 28:38 | Build | Farm |
| 28:38 | Build | Farm |
| 28:47 | Queue | Rattan Archer |
| 28:56 | Queue | Villager (Male) |
| 28:58 | Build | Farm |
| 28:58 | Build | Farm |
Build order — shottyg
First 150 of 352 actions detected
| 0:01 | Queue | Villager (Male) |
| 0:02 | Queue | Villager (Male) |
| 0:02 | Queue | Villager (Male) |
| 0:02 | Queue | Villager (Male) |
| 0:03 | Build | House |
| 0:05 | Build | House |
| 1:24 | Queue | Villager (Male) |
| 2:09 | Queue | Villager (Male) |
| 2:25 | Build | Lumber Camp |
| 2:36 | Queue | Villager (Male) |
| 2:48 | Queue | Villager (Male) |
| 3:14 | Queue | Villager (Male) |
| 3:30 | Queue | Villager (Male) |
| 3:41 | Build | House |
| 3:42 | Build | House |
| 3:45 | Queue | Villager (Male) |
| 4:16 | Queue | Villager (Male) |
| 4:28 | Queue | Villager (Male) |
| 4:50 | Build | Mill |
| 5:01 | Queue | Villager (Male) ×2 |
| 5:28 | Queue | Villager (Male) |
| 6:24 | Queue | Villager (Male) |
| 6:49 | Queue | Villager (Male) ×5 |
| 7:02 | Queue | Villager (Male) ×2 |
| 8:37 | Build | Mining Camp |
| 9:19 | Research | Feudal Age |
| 9:51 | Build | House |
| 10:11 | Build | Barracks |
| 11:04 | Build | House |
| 11:29 | Age | Feudal Age |
| 11:31 | Build | Stable |
| 11:38 | Build | Market |
| 11:42 | Queue | Villager (Male) |
| 11:42 | Queue | Villager (Male) |
| 12:05 | Research | Horse Collar |
| 12:13 | Queue | Scout Cavalry |
| 12:14 | Queue | Scout Cavalry |
| 12:14 | Queue | Scout Cavalry |
| 12:39 | Build | Farm |
| 12:39 | Build | Farm |
| 12:39 | Build | Farm |
| 12:40 | Build | Farm |
| 12:40 | Build | Farm |
| 12:40 | Build | Farm |
| 13:11 | Research | Castle Age |
| 13:30 | Build | Farm |
| 13:33 | Build | Farm |
| 13:36 | Build | Farm |
| 13:40 | Build | Farm |
| 14:18 | Research | Bloodlines |
| 14:58 | Queue | Scout Cavalry |
| 14:58 | Queue | Scout Cavalry |
| 15:21 | Queue | Villager (Male) ×5 |
| 15:36 | Research | Double-Bit Axe |
| 15:51 | Age | Castle Age |
| 15:59 | Build | Town Center |
| 16:02 | Queue | Villager (Male) |
| 16:33 | Research | Bloodlines |
| 17:25 | Queue | Knight |
| 17:37 | Queue | Villager (Male) |
| 17:48 | Build | Town Center |
| 17:49 | Queue | Villager (Male) |
| 18:17 | Queue | Knight |
| 18:27 | Build | House |
| 18:37 | Build | Mill |
| 18:38 | Build | Farm |
| 18:39 | Build | Farm |
| 18:39 | Build | Farm |
| 18:39 | Build | Farm |
| 18:39 | Build | Farm |
| 18:40 | Build | Farm |
| 18:40 | Build | Farm |
| 18:40 | Build | Farm |
| 18:46 | Queue | Knight |
| 18:53 | Build | House |
| 19:08 | Queue | Villager (Male) |
| 19:19 | Build | Farm |
| 19:20 | Build | Farm |
| 19:25 | Queue | Villager (Male) |
| 19:46 | Queue | Villager (Male) ×4 |
| 19:46 | Queue | Villager (Male) ×4 |
| 19:51 | Build | Blacksmith |
| 20:02 | Queue | Villager (Male) |
| 20:28 | Queue | Villager (Male) ×2 |
| 20:28 | Queue | Villager (Male) ×2 |
| 20:33 | Queue | Villager (Male) |
| 20:33 | Queue | Villager (Male) |
| 20:43 | Queue | Villager (Male) |
| 20:54 | Research | Bow Saw |
| 21:03 | Build | Mill |
| 21:04 | Build | Farm |
| 21:04 | Build | Farm |
| 21:04 | Build | Farm |
| 21:05 | Build | Farm |
| 21:05 | Build | Farm |
| 21:05 | Build | Farm |
| 21:05 | Build | Farm |
| 21:06 | Build | Farm |
| 21:08 | Queue | Villager (Male) ×2 |
| 21:35 | Queue | Villager (Male) ×2 |
| 21:40 | Queue | Knight |
| 22:05 | Queue | Villager (Male) ×5 |
| 22:29 | Research | Heavy Plow |
| 22:30 | Queue | Villager (Male) ×2 |
| 22:59 | Queue | Villager (Male) ×4 |
| 23:02 | Queue | Knight |
| 23:03 | Queue | Knight |
| 23:15 | Queue | Villager (Male) ×4 |
| 23:22 | Build | Mill |
| 23:24 | Build | Farm |
| 23:24 | Build | Farm |
| 23:24 | Build | Farm |
| 23:25 | Build | Farm |
| 23:25 | Build | Farm |
| 23:25 | Build | Farm |
| 23:26 | Build | Farm |
| 23:27 | Build | Farm |
| 23:29 | Queue | Villager (Male) ×2 |
| 23:34 | Queue | Villager (Male) |
| 23:50 | Build | Farm |
| 23:54 | Build | Farm |
| 23:57 | Queue | Villager (Male) ×4 |
| 24:16 | Queue | Villager (Male) ×3 |
| 24:26 | Build | House |
| 24:27 | Build | House |
| 24:32 | Research | Wheelbarrow |
| 24:37 | Build | House |
| 24:37 | Build | House |
| 24:40 | Queue | Villager (Male) ×5 |
| 24:50 | Build | Farm |
| 24:56 | Build | Mining Camp |
| 25:14 | Queue | Knight |
| 25:14 | Queue | Knight |
| 25:29 | Research | Scale Barding Armor |
| 25:30 | Queue | Villager (Male) ×5 |
| 25:39 | Build | Mill |
| 25:41 | Build | Farm |
| 25:41 | Build | Farm |
| 25:41 | Build | Farm |
| 25:41 | Build | Farm |
| 25:42 | Build | Farm |
| 25:42 | Build | Farm |
| 25:42 | Build | Farm |
| 25:43 | Build | Farm |
| 25:43 | Build | Farm |
| 26:05 | Build | House |
| 26:06 | Build | House |
| 26:07 | Queue | Villager (Male) ×5 |
| 26:13 | Build | Farm |
| 26:18 | Build | Farm |
Build order — 王星
First 150 of 673 actions detected
| 0:02 | Queue | Villager (Male) |
| 0:02 | Queue | Villager (Male) |
| 0:02 | Queue | Villager (Male) |
| 0:02 | Queue | Villager (Male) |
| 0:04 | Build | House |
| 0:06 | Build | House |
| 0:23 | Queue | Villager (Male) |
| 0:23 | Queue | Villager (Male) |
| 1:43 | Queue | Villager (Male) |
| 1:50 | Build | Lumber Camp |
| 2:14 | Queue | Villager (Male) |
| 2:14 | Queue | Villager (Male) |
| 2:40 | Queue | Villager (Male) |
| 2:55 | Queue | Villager (Male) |
| 3:31 | Queue | Villager (Male) |
| 3:33 | Build | House |
| 3:50 | Build | Mill |
| 3:59 | Queue | Villager (Male) |
| 3:59 | Queue | Villager (Male) |
| 3:59 | Queue | Villager (Male) |
| 4:00 | Queue | Villager (Male) |
| 4:10 | Build | House |
| 4:46 | Queue | Villager (Male) |
| 4:47 | Queue | Villager (Male) |
| 4:47 | Queue | Villager (Male) |
| 4:53 | Queue | Villager (Male) |
| 4:53 | Queue | Villager (Male) |
| 4:58 | Build | House |
| 5:18 | Queue | Villager (Male) |
| 5:19 | Queue | Villager (Male) |
| 5:43 | Queue | Villager (Male) |
| 5:44 | Queue | Villager (Male) |
| 6:05 | Queue | Villager (Male) |
| 6:18 | Build | Lumber Camp |
| 6:30 | Queue | Villager (Male) |
| 6:30 | Queue | Villager (Male) |
| 6:53 | Queue | Villager (Male) |
| 7:38 | Queue | Villager (Male) |
| 8:06 | Queue | Villager (Male) |
| 8:24 | Build | Farm |
| 8:28 | Build | Farm |
| 8:32 | Build | Farm |
| 8:35 | Build | Mining Camp |
| 8:41 | Queue | Villager (Male) |
| 9:18 | Research | Feudal Age |
| 9:18 | Research | Feudal Age |
| 9:19 | Research | Feudal Age |
| 10:05 | Build | Farm |
| 10:11 | Queue | Villager (Male) |
| 10:11 | Queue | Villager (Male) |
| 11:22 | Age | Feudal Age |
| 11:24 | Build | Blacksmith |
| 11:27 | Build | Market |
| 11:37 | Queue | Villager (Male) |
| 12:13 | Queue | Villager (Male) |
| 12:32 | Research | Castle Age |
| 12:33 | Research | Castle Age |
| 12:33 | Research | Castle Age |
| 12:50 | Build | Farm |
| 12:52 | Research | Double-Bit Axe |
| 12:52 | Research | Double-Bit Axe |
| 12:52 | Research | Double-Bit Axe |
| 12:53 | Research | Horse Collar |
| 12:54 | Research | Horse Collar |
| 12:54 | Research | Horse Collar |
| 13:01 | Build | Farm |
| 13:10 | Build | Farm |
| 13:14 | Queue | Villager (Male) |
| 13:14 | Queue | Villager (Male) |
| 13:28 | Build | House |
| 14:15 | Build | Farm |
| 14:18 | Build | Farm |
| 15:01 | Age | Castle Age |
| 15:04 | Build | Town Center |
| 15:13 | Build | Town Center |
| 15:28 | Research | Bow Saw |
| 15:28 | Research | Bow Saw |
| 15:28 | Research | Bow Saw |
| 15:32 | Queue | Villager (Male) |
| 15:44 | Build | House |
| 15:54 | Build | House |
| 16:01 | Queue | Villager (Male) |
| 16:07 | Research | Heavy Plow |
| 16:07 | Research | Heavy Plow |
| 16:09 | Queue | Villager (Male) |
| 16:24 | Build | House |
| 16:27 | Queue | Villager (Male) |
| 16:27 | Queue | Villager (Male) |
| 16:31 | Queue | Villager (Male) |
| 16:35 | Build | Farm |
| 16:36 | Build | Farm |
| 16:38 | Build | Farm |
| 16:43 | Build | Farm |
| 16:48 | Queue | Villager (Male) |
| 16:48 | Queue | Villager (Male) |
| 16:51 | Queue | Villager (Male) |
| 16:58 | Build | Farm |
| 17:02 | Queue | Villager (Male) |
| 17:07 | Queue | Villager (Male) |
| 17:13 | Build | Farm |
| 17:15 | Queue | Villager (Male) |
| 17:22 | Build | Farm |
| 17:24 | Build | Farm |
| 17:26 | Build | Farm |
| 17:30 | Queue | Villager (Male) |
| 17:31 | Queue | Villager (Male) |
| 17:39 | Build | Farm |
| 17:40 | Build | Farm |
| 17:42 | Queue | Villager (Male) |
| 17:56 | Queue | Villager (Male) |
| 18:07 | Queue | Villager (Male) |
| 18:14 | Build | Farm |
| 18:16 | Build | Farm |
| 18:17 | Queue | Villager (Male) |
| 18:17 | Queue | Villager (Male) |
| 18:19 | Queue | Villager (Male) |
| 18:20 | Queue | Villager (Male) |
| 18:28 | Build | House |
| 18:37 | Build | Barracks |
| 18:41 | Queue | Villager (Male) |
| 18:41 | Queue | Villager (Male) |
| 18:47 | Queue | Villager (Male) |
| 18:47 | Queue | Villager (Male) |
| 18:54 | Build | House |
| 19:10 | Build | Farm |
| 19:11 | Build | Farm |
| 19:12 | Build | Farm |
| 19:14 | Queue | Villager (Male) |
| 19:27 | Build | Stable |
| 19:40 | Queue | Villager (Male) |
| 19:40 | Queue | Villager (Male) |
| 19:44 | Queue | Villager (Male) |
| 19:48 | Research | Scale Barding Armor |
| 19:48 | Research | Scale Barding Armor |
| 19:51 | Queue | Villager (Male) |
| 19:54 | Build | Farm |
| 19:56 | Build | Farm |
| 19:58 | Build | House |
| 19:59 | Build | House |
| 20:06 | Queue | Knight |
| 20:06 | Queue | Knight |
| 20:33 | Build | Stable |
| 20:36 | Research | Bloodlines |
| 20:36 | Research | Bloodlines |
| 20:36 | Research | Bloodlines |
| 20:53 | Research | Chain Barding Armor |
| 20:53 | Research | Chain Barding Armor |
| 20:53 | Research | Chain Barding Armor |
| 20:53 | Research | Chain Barding Armor |
| 20:58 | Build | Farm |
Build order — Feather的貓
First 150 of 463 actions detected
| 0:01 | Queue | Villager (Male) |
| 0:02 | Build | House |
| 0:04 | Build | House |
| 0:08 | Queue | Villager (Male) |
| 0:17 | Queue | Villager (Male) |
| 0:25 | Queue | Villager (Male) |
| 1:19 | Queue | Villager (Male) |
| 2:01 | Queue | Villager (Male) |
| 2:02 | Queue | Villager (Male) |
| 2:12 | Build | Lumber Camp |
| 2:16 | Queue | Villager (Male) |
| 2:26 | Queue | Villager (Male) |
| 2:26 | Queue | Villager (Male) |
| 3:08 | Queue | Villager (Male) |
| 3:08 | Queue | Villager (Male) |
| 3:43 | Queue | Villager (Male) |
| 3:49 | Build | House |
| 3:57 | Queue | Villager (Male) |
| 4:28 | Queue | Villager (Male) |
| 4:44 | Queue | Villager (Male) |
| 4:45 | Queue | Villager (Male) |
| 4:46 | Research | Loom |
| 5:07 | Build | Mining Camp |
| 6:18 | Research | Feudal Age |
| 7:34 | Build | House |
| 8:28 | Age | Feudal Age |
| 8:29 | Queue | Villager (Male) |
| 8:32 | Build | Blacksmith |
| 8:44 | Queue | Villager (Male) |
| 8:56 | Build | Siege Workshop |
| 9:05 | Queue | Villager (Male) |
| 9:20 | Queue | Battering Ram |
| 9:23 | Queue | Villager (Male) |
| 9:30 | Research | Fletching |
| 9:47 | Queue | Villager (Male) |
| 9:58 | Build | Mining Camp |
| 10:02 | Build | Watch Tower |
| 10:14 | Queue | Villager (Male) |
| 10:20 | Build | House |
| 11:04 | Queue | Villager (Male) |
| 11:30 | Queue | Battering Ram |
| 11:37 | Build | Watch Tower |
| 11:45 | Build | Mill |
| 11:51 | Queue | Villager (Male) |
| 12:16 | Queue | Villager (Male) |
| 12:16 | Queue | Villager (Male) |
| 12:30 | Build | House |
| 12:52 | Queue | Villager (Male) |
| 13:20 | Queue | Villager (Male) |
| 13:20 | Queue | Villager (Male) |
| 13:20 | Queue | Villager (Male) |
| 13:33 | Queue | Villager (Male) |
| 13:33 | Queue | Villager (Male) |
| 13:45 | Build | Watch Tower |
| 13:51 | Queue | Villager (Male) |
| 13:51 | Queue | Villager (Male) |
| 14:30 | Queue | Villager (Male) |
| 14:43 | Queue | Villager (Male) |
| 15:16 | Build | Farm |
| 15:17 | Build | Farm |
| 15:18 | Build | Farm |
| 15:28 | Build | Farm |
| 15:29 | Build | Farm |
| 15:44 | Build | Farm |
| 15:50 | Build | Town Center |
| 16:00 | Queue | Villager (Male) |
| 16:23 | Queue | Villager (Male) |
| 16:43 | Build | Watch Tower |
| 16:48 | Queue | Villager (Male) |
| 16:48 | Queue | Villager (Male) |
| 16:58 | Queue | Villager (Male) |
| 17:16 | Queue | Villager (Male) |
| 17:29 | Queue | Villager (Male) |
| 17:49 | Queue | Villager (Male) |
| 17:50 | Build | House |
| 17:50 | Build | House |
| 18:09 | Queue | Villager (Male) |
| 18:19 | Build | Farm |
| 18:20 | Build | Farm |
| 18:22 | Queue | Villager (Male) |
| 18:43 | Queue | Villager (Male) |
| 18:45 | Build | Farm |
| 18:48 | Build | Farm |
| 18:53 | Queue | Villager (Male) |
| 19:16 | Build | House |
| 19:17 | Build | House |
| 19:20 | Queue | Villager (Male) |
| 19:39 | Queue | Villager (Male) |
| 19:40 | Build | Farm |
| 19:44 | Queue | Villager (Male) |
| 19:45 | Queue | Villager (Male) |
| 19:54 | Queue | Villager (Male) |
| 19:54 | Queue | Villager (Male) |
| 20:00 | Build | Farm |
| 20:01 | Build | Farm |
| 20:18 | Build | Farm |
| 20:19 | Queue | Villager (Male) |
| 20:27 | Build | Farm |
| 20:33 | Build | House |
| 20:34 | Queue | Villager (Male) |
| 20:42 | Queue | Villager (Male) |
| 20:43 | Build | Farm |
| 20:44 | Build | Farm |
| 20:45 | Queue | Villager (Male) |
| 20:57 | Build | Farm |
| 21:04 | Queue | Villager (Male) |
| 21:06 | Build | Farm |
| 21:10 | Queue | Villager (Male) |
| 21:26 | Queue | Villager (Male) |
| 21:30 | Build | Farm |
| 21:38 | Queue | Villager (Male) |
| 21:40 | Build | Farm |
| 21:53 | Queue | Villager (Male) |
| 22:02 | Queue | Villager (Male) |
| 22:04 | Build | Farm |
| 22:05 | Build | Farm |
| 22:12 | Build | House |
| 22:15 | Build | House |
| 22:26 | Build | Blacksmith |
| 22:41 | Queue | Villager (Male) |
| 22:45 | Build | Farm |
| 22:46 | Build | Farm |
| 22:48 | Queue | Villager (Male) |
| 22:57 | Build | Farm |
| 23:00 | Queue | Villager (Male) |
| 23:08 | Queue | Villager (Male) |
| 23:26 | Build | Market |
| 23:31 | Queue | Villager (Male) |
| 23:34 | Queue | Villager (Male) |
| 23:43 | Queue | Villager (Male) |
| 24:13 | Research | Castle Age |
| 24:14 | Research | Castle Age |
| 24:34 | Build | House |
| 24:35 | Build | House |
| 24:43 | Research | Wheelbarrow |
| 24:43 | Research | Wheelbarrow |
| 24:56 | Queue | Villager (Male) |
| 25:10 | Queue | Villager (Male) |
| 25:17 | Research | Gold Mining |
| 25:17 | Research | Gold Mining |
| 25:20 | Build | Lumber Camp |
| 25:23 | Research | Stone Mining |
| 25:23 | Research | Stone Mining |
| 25:33 | Queue | Villager (Male) |
| 25:41 | Build | House |
| 25:51 | Build | Barracks |
| 26:14 | Queue | Villager (Male) |
| 26:24 | Build | Mining Camp |
| 26:44 | Queue | Villager (Male) |
| 26:44 | Queue | Villager (Male) |
Build order — Green boy
First 150 of 481 actions detected
| 0:00 | Queue | Villager (Male) |
| 0:01 | Queue | Villager (Male) |
| 0:01 | Queue | Villager (Male) |
| 0:02 | Build | House |
| 0:02 | Queue | Villager (Male) |
| 0:03 | Build | House |
| 1:30 | Queue | Villager (Male) |
| 1:51 | Queue | Villager (Male) |
| 1:57 | Build | Lumber Camp |
| 2:02 | Queue | Villager (Male) |
| 2:03 | Queue | Villager (Male) |
| 2:50 | Queue | Villager (Male) |
| 2:51 | Queue | Villager (Male) |
| 3:12 | Queue | Villager (Male) |
| 3:44 | Queue | Villager (Male) |
| 3:54 | Build | House |
| 4:05 | Queue | Villager (Male) |
| 4:09 | Build | House |
| 4:17 | Build | Mill |
| 4:40 | Queue | Villager (Male) |
| 4:46 | Queue | Villager (Male) |
| 5:01 | Queue | Villager (Male) |
| 5:23 | Queue | Villager (Male) |
| 5:47 | Queue | Villager (Male) |
| 6:14 | Queue | Villager (Male) |
| 6:18 | Queue | Villager (Male) |
| 6:31 | Queue | Villager (Male) |
| 7:15 | Queue | Villager (Male) |
| 8:03 | Build | Mining Camp |
| 8:08 | Research | Feudal Age |
| 9:53 | Build | House |
| 9:56 | Build | House |
| 10:19 | Build | Palisade Wall |
| 10:22 | Queue | Villager (Male) |
| 10:31 | Age | Feudal Age |
| 10:33 | Research | Loom |
| 10:50 | Build | Market |
| 10:54 | Build | Blacksmith |
| 11:03 | Build | Stone Wall |
| 11:13 | Build | Stone Wall |
| 11:22 | Build | Stone Wall |
| 11:26 | Queue | Villager (Male) |
| 11:29 | Queue | Villager (Male) |
| 11:55 | Queue | Villager (Male) |
| 12:08 | Build | Market |
| 12:16 | Build | Stone Wall |
| 12:18 | Build | Stone Wall |
| 12:33 | Research | Castle Age |
| 12:50 | Build | Stone Wall |
| 13:01 | Build | Stone Wall |
| 13:03 | Build | Stone Wall |
| 13:06 | Build | Palisade Wall |
| 13:08 | Queue | Villager (Male) |
| 14:20 | Build | Palisade Wall |
| 14:33 | Queue | Villager (Male) |
| 14:35 | Queue | Villager (Male) |
| 14:43 | Queue | Villager (Male) |
| 14:53 | Build | Blacksmith |
| 15:08 | Queue | Villager (Male) |
| 15:13 | Age | Castle Age |
| 15:35 | Build | Siege Workshop |
| 15:39 | Queue | Villager (Male) |
| 15:47 | Build | Mining Camp |
| 15:48 | Queue | Villager (Male) |
| 16:46 | Queue | Villager (Male) |
| 17:33 | Queue | Villager (Male) |
| 17:34 | Queue | Villager (Male) |
| 17:35 | Build | House |
| 17:41 | Build | House |
| 18:29 | Build | Monastery |
| 18:57 | Queue | Villager (Male) |
| 19:01 | Queue | Monk |
| 19:23 | Build | House |
| 19:42 | Queue | Villager (Male) |
| 20:11 | Queue | Villager (Male) |
| 20:17 | Queue | Villager (Male) |
| 20:25 | Queue | Villager (Male) |
| 20:35 | Build | Palisade Gate |
| 20:40 | Build | Palisade Wall |
| 21:02 | Build | Lumber Camp |
| 21:03 | Queue | Villager (Male) |
| 21:06 | Build | Farm |
| 21:08 | Build | Farm |
| 21:11 | Build | Farm |
| 21:13 | Build | House |
| 21:15 | Queue | Villager (Male) |
| 21:28 | Build | House |
| 22:29 | Build | Farm |
| 22:38 | Queue | Villager (Male) |
| 23:36 | Build | Town Center |
| 23:49 | Queue | Villager (Male) |
| 23:55 | Build | Farm |
| 24:01 | Queue | Villager (Male) |
| 24:31 | Build | Farm |
| 24:36 | Build | Farm |
| 24:40 | Build | Farm |
| 24:45 | Build | Farm |
| 24:45 | Queue | Villager (Male) |
| 24:51 | Build | Farm |
| 25:09 | Queue | Monk |
| 25:13 | Queue | Villager (Male) |
| 25:24 | Queue | Villager (Male) |
| 25:40 | Build | Monastery |
| 25:49 | Queue | Monk |
| 25:53 | Build | Farm |
| 25:53 | Queue | Villager (Male) |
| 25:57 | Build | Farm |
| 26:03 | Queue | Monk |
| 26:07 | Queue | Villager (Male) |
| 26:12 | Build | Farm |
| 26:23 | Queue | Villager (Male) |
| 26:41 | Queue | Monk |
| 26:44 | Build | House |
| 26:45 | Build | House |
| 26:46 | Queue | Villager (Male) |
| 27:09 | Queue | Monk |
| 27:16 | Queue | Villager (Male) |
| 27:19 | Build | House |
| 27:21 | Build | House |
| 27:32 | Queue | Villager (Male) |
| 27:44 | Build | Market |
| 27:46 | Queue | Villager (Male) |
| 28:02 | Queue | Monk |
| 28:08 | Build | House |
| 28:08 | Queue | Villager (Male) |
| 28:15 | Queue | Villager (Male) |
| 28:23 | Queue | Villager (Male) |
| 28:27 | Build | Town Center |
| 28:27 | Queue | Villager (Male) |
| 28:30 | Build | House |
| 28:30 | Build | House |
| 28:31 | Queue | Villager (Male) |
| 28:39 | Build | Mining Camp |
| 28:42 | Build | Farm |
| 28:48 | Queue | Villager (Male) |
| 28:53 | Build | House |
| 28:54 | Build | House |
| 29:02 | Queue | Villager (Male) |
| 29:23 | Queue | Villager (Male) |
| 29:27 | Build | Farm |
| 29:42 | Queue | Villager (Male) |
| 29:54 | Build | Farm |
| 29:55 | Queue | Villager (Male) |
| 30:17 | Queue | Villager (Male) |
| 30:31 | Build | Farm |
| 30:31 | Queue | Villager (Male) |
| 30:32 | Build | Farm |
| 30:32 | Build | Farm |
| 30:33 | Build | Farm |
| 30:33 | Build | Farm |
Build order — Feather
First 150 of 524 actions detected
| 0:06 | Queue | Villager (Male) |
| 0:06 | Queue | Villager (Male) |
| 0:06 | Queue | Villager (Male) |
| 0:08 | Build | House |
| 0:09 | Build | House |
| 0:15 | Queue | Villager (Male) |
| 0:15 | Queue | Villager (Male) |
| 0:15 | Queue | Villager (Male) |
| 1:51 | Queue | Villager (Male) |
| 1:54 | Build | Lumber Camp |
| 2:03 | Queue | Villager (Male) |
| 2:20 | Queue | Villager (Male) |
| 2:35 | Queue | Villager (Male) |
| 2:58 | Queue | Villager (Male) |
| 3:26 | Build | House |
| 3:50 | Build | House |
| 3:51 | Build | House |
| 4:01 | Queue | Villager (Male) |
| 4:17 | Queue | Villager (Male) |
| 4:33 | Queue | Villager (Male) |
| 4:37 | Queue | Villager (Male) |
| 4:43 | Build | Mill |
| 5:29 | Queue | Villager (Male) |
| 5:36 | Queue | Villager (Male) |
| 6:18 | Queue | Villager (Male) |
| 6:28 | Queue | Villager (Male) |
| 6:36 | Queue | Villager (Male) |
| 6:41 | Build | Lumber Camp |
| 6:44 | Queue | Villager (Male) |
| 6:59 | Build | Farm |
| 7:11 | Build | Farm |
| 7:26 | Build | Farm |
| 7:48 | Queue | Villager (Male) |
| 8:09 | Build | Farm |
| 8:12 | Queue | Villager (Male) |
| 8:30 | Research | Feudal Age |
| 8:56 | Build | Mining Camp |
| 9:44 | Build | Barracks |
| 10:26 | Queue | Villager (Male) |
| 10:27 | Queue | Villager (Male) |
| 10:55 | Age | Feudal Age |
| 10:59 | Build | Stable |
| 11:10 | Build | Market |
| 11:31 | Queue | Villager (Male) |
| 11:45 | Research | Town Watch |
| 11:50 | Build | House |
| 12:16 | Research | Castle Age |
| 12:16 | Research | Castle Age |
| 12:29 | Build | House |
| 12:44 | Research | Double-Bit Axe |
| 12:44 | Research | Double-Bit Axe |
| 13:13 | Build | House |
| 13:59 | Build | Stable |
| 14:24 | Queue | Villager (Male) |
| 14:25 | Queue | Villager (Male) |
| 14:27 | Queue | Villager (Male) |
| 14:33 | Research | Bloodlines |
| 14:36 | Queue | Scout Cavalry |
| 14:41 | Age | Castle Age |
| 14:43 | Build | Blacksmith |
| 14:48 | Queue | Knight |
| 14:48 | Queue | Knight |
| 15:03 | Queue | Knight |
| 15:07 | Build | House |
| 15:20 | Build | House |
| 15:27 | Queue | Knight |
| 15:32 | Build | Farm |
| 15:33 | Build | Farm |
| 15:34 | Build | Farm |
| 15:34 | Build | Farm |
| 15:52 | Queue | Villager (Male) |
| 15:54 | Queue | Villager (Male) |
| 16:08 | Queue | Villager (Male) |
| 16:12 | Build | House |
| 16:15 | Build | Farm |
| 16:18 | Build | Farm |
| 16:20 | Build | Farm |
| 16:23 | Queue | Knight |
| 16:23 | Queue | Knight |
| 16:25 | Queue | Villager (Male) |
| 16:32 | Build | Farm |
| 16:32 | Build | Farm |
| 16:42 | Build | Farm |
| 16:44 | Build | House |
| 17:02 | Build | Farm |
| 17:08 | Queue | Villager (Male) |
| 17:14 | Build | House |
| 17:17 | Build | Farm |
| 17:57 | Queue | Villager (Male) |
| 18:13 | Queue | Villager (Male) |
| 18:15 | Queue | Villager (Male) |
| 18:17 | Build | Farm |
| 18:20 | Queue | Scout Cavalry |
| 18:23 | Build | House |
| 18:38 | Queue | Villager (Male) |
| 18:56 | Queue | Villager (Male) |
| 18:57 | Queue | Villager (Male) |
| 19:01 | Build | Farm |
| 19:05 | Build | Town Center |
| 19:11 | Queue | Villager (Male) |
| 19:13 | Queue | Knight |
| 19:31 | Build | Town Center |
| 19:42 | Queue | Villager (Male) |
| 20:13 | Queue | Villager (Male) |
| 20:41 | Build | Farm |
| 20:41 | Build | Farm |
| 20:41 | Build | Farm |
| 20:42 | Build | Farm |
| 20:42 | Build | Farm |
| 20:42 | Build | Farm |
| 20:42 | Build | Farm |
| 20:54 | Queue | Villager (Male) |
| 21:06 | Queue | Villager (Male) |
| 21:10 | Research | Horse Collar |
| 21:11 | Queue | Villager (Male) |
| 21:14 | Build | Farm |
| 21:18 | Queue | Villager (Male) |
| 21:19 | Queue | Villager (Male) |
| 21:33 | Research | Bow Saw |
| 21:34 | Queue | Villager (Male) |
| 21:41 | Queue | Villager (Male) |
| 21:49 | Queue | Villager (Male) |
| 21:54 | Build | Monastery |
| 22:00 | Queue | Villager (Male) |
| 22:10 | Queue | Knight |
| 22:10 | Queue | Knight |
| 22:23 | Queue | Villager (Male) |
| 22:25 | Queue | Villager (Male) |
| 22:29 | Queue | Villager (Male) |
| 22:30 | Queue | Villager (Male) |
| 22:33 | Build | Farm |
| 22:35 | Build | Farm |
| 22:38 | Build | Farm |
| 22:49 | Queue | Villager (Male) |
| 22:55 | Queue | Monk |
| 22:58 | Queue | Knight |
| 23:04 | Queue | Knight |
| 23:05 | Queue | Villager (Male) |
| 23:08 | Build | Farm |
| 23:08 | Queue | Villager (Male) |
| 23:11 | Build | Farm |
| 23:12 | Build | Farm |
| 23:12 | Build | Farm |
| 23:12 | Build | Farm |
| 23:13 | Build | Farm |
| 23:16 | Build | Farm |
| 23:17 | Queue | Villager (Male) |
| 23:19 | Queue | Villager (Male) |
| 23:22 | Build | Farm |
| 23:27 | Build | Farm |
Match timeline
| 7:26 | BCPrattIV · first_building Barracks |
| 8:28 | Feather的貓 · age_up feudal |
| 8:30 | BCPrattIV · age_up feudal |
| 8:43 | BCPrattIV · first_building Archery Range |
| 8:56 | Feather的貓 · first_building Siege Workshop |
| 9:44 | Feather · first_building Barracks |
| 9:48 | 奶油小豚 · wall_segment Palisade Wall x6 |
| 10:00 | 奶油小豚 · wall_segment Palisade Wall x7 |
| 10:02 | 奶油小豚 · wall_segment Palisade Wall x5 |
| 10:11 | shottyg · first_building Barracks |
| 10:19 | Green boy · wall_segment Palisade Wall x4 |
| 10:24 | 奶油小豚 · wall_segment Palisade Wall x6 |
| 10:31 | Green boy · age_up feudal |
| 10:55 | Feather · age_up feudal |
| 10:59 | Feather · first_building Stable |
| 11:00 | 奶油小豚 · age_up feudal |
| 11:03 | Green boy · wall_segment Stone Wall x5 |
| 11:11 | Nubsinc · age_up feudal |
| 11:13 | Green boy · wall_segment Stone Wall x5 |
| 11:22 | 王星 · age_up feudal |
| 11:22 | Green boy · wall_segment Stone Wall x6 |
| 11:29 | shottyg · age_up feudal |
| 11:31 | shottyg · first_building Stable |
| 12:16 | Green boy · wall_segment Stone Wall x1 |
| 12:18 | Green boy · wall_segment Stone Wall x2 |
| 12:26 | Green boy · first_market_sell 100 stone |
| 12:32 | Green boy · first_market_buy 100 food |
| 12:50 | Green boy · wall_segment Stone Wall x1 |
| 12:59 | shottyg · first_market_sell 100 stone |
| 13:01 | Green boy · wall_segment Stone Wall x5 |
| 13:03 | Green boy · wall_segment Stone Wall x4 |
| 13:06 | Green boy · wall_segment Palisade Wall x4 |
| 13:08 | shottyg · first_market_buy 100 food |
| 14:17 | 奶油小豚 · wall_segment Palisade Wall x1 |
| 14:20 | Green boy · wall_segment Palisade Wall x1 |
| 14:35 | 奶油小豚 · wall_segment Palisade Wall x1 |
| 14:36 | 奶油小豚 · wall_segment Palisade Wall x1 |
| 14:40 | 奶油小豚 · wall_segment Palisade Wall x5 |
| 14:41 | Feather · age_up castle |
| 15:01 | 王星 · age_up castle |
| 15:02 | Feather · first_market_sell 100 food |
| 15:04 | Nubsinc · age_up castle |
| 15:10 | Nubsinc · first_building Castle |
| 15:13 | Green boy · age_up castle |
| 15:22 | 奶油小豚 · wall_segment Palisade Wall x4 |
| 15:24 | 奶油小豚 · wall_segment Palisade Wall x2 |
| 15:26 | 王星 · first_market_buy 100 wood |
| 15:26 | 奶油小豚 · wall_segment Palisade Wall x2 |
| 15:29 | Nubsinc · first_building Siege Workshop |
| 15:35 | Green boy · first_building Siege Workshop |
| 15:51 | shottyg · age_up castle |
| 17:51 | 奶油小豚 · first_market_buy 100 food |
| 18:29 | Green boy · first_building Monastery |
| 18:34 | 奶油小豚 · wall_segment Stone Wall x1 |
| 18:37 | 王星 · first_building Barracks |
| 18:53 | 奶油小豚 · wall_segment Stone Wall x3 |
| 18:55 | BCPrattIV · wall_segment Palisade Wall x1 |
| 18:59 | 奶油小豚 · wall_segment Stone Wall x1 |
| 19:20 | 奶油小豚 · wall_segment Stone Wall x1 |
| 19:24 | 奶油小豚 · wall_segment Stone Wall x1 |
| 19:25 | 奶油小豚 · wall_segment Stone Wall x1 |
| 19:27 | 王星 · first_building Stable |
| 19:27 | 奶油小豚 · wall_segment Stone Wall x1 |
| 19:48 | 奶油小豚 · wall_segment Stone Wall x6 |
| 19:54 | BCPrattIV · first_market_sell 100 wood |
| 20:38 | 奶油小豚 · age_up castle |
| 20:40 | Green boy · wall_segment Palisade Wall x1 |
| 20:41 | 奶油小豚 · first_building Castle |
| 21:02 | 奶油小豚 · first_building Siege Workshop |
| 21:28 | Feather · first_market_buy 100 wood |
| 21:54 | Feather · first_building Monastery |
| 22:51 | BCPrattIV · age_up castle |
| 23:19 | 奶油小豚 · first_building Monastery |
| 23:37 | Nubsinc · first_building Monastery |
| 24:11 | Nubsinc · first_market_buy 100 food |
| 24:13 | 奶油小豚 · first_market_sell 100 food |
| 24:20 | 王星 · first_building Monastery |
| 25:51 | Feather的貓 · first_building Barracks |
| 26:04 | 王星 · first_market_sell 100 food |
| 26:25 | 奶油小豚 · wall_segment Stone Wall x5 |
| 26:53 | Feather的貓 · age_up castle |
| 27:00 | Feather的貓 · first_building Castle |
| 27:11 | BCPrattIV · wall_segment Stone Wall x12 |
| 27:35 | shottyg · first_building Castle |
| 28:08 | 王星 · first_building Castle |
| 28:42 | BCPrattIV · first_market_buy 100 food |
| 28:52 | Feather的貓 · first_building Stable |
| 29:01 | Nubsinc · first_market_sell 100 food |
| 29:22 | BCPrattIV · wall_segment Stone Wall x13 |
| 29:39 | Nubsinc · first_building Barracks |
| 30:39 | 王星 · age_up imperial |
| 30:51 | Nubsinc · first_building Stable |
| 31:03 | Feather的貓 · first_market_buy 100 stone |
| 31:20 | BCPrattIV · first_building Monastery |
| 31:58 | Feather · age_up imperial |
| 32:07 | Feather的貓 · age_up imperial |
| 32:14 | Nubsinc · age_up imperial |
| 32:28 | shottyg · age_up imperial |
| 32:45 | BCPrattIV · wall_segment Stone Wall x3 |
| 33:14 | Green boy · first_building Castle |
| 33:52 | Feather · first_building Castle |
| 35:39 | Feather的貓 · first_building Archery Range |
| 35:44 | BCPrattIV · first_building Castle |
| 36:06 | shottyg · tribute_sent a jugador 1 |
| 36:06 | shottyg · tribute_sent a jugador 2 |
| 36:06 | shottyg · tribute_sent a jugador 4 |
| 36:06 | shottyg · tribute_sent a jugador 5 |
| 36:06 | shottyg · tribute_sent a jugador 6 |
| 36:06 | shottyg · tribute_sent a jugador 7 |
| 36:06 | shottyg · tribute_sent a jugador 8 |
| 36:11 | Green boy · first_building Barracks |
| 36:54 | Green boy · first_building Archery Range |
| 37:58 | shottyg · tribute_sent a jugador 1 |
| 37:58 | shottyg · tribute_sent a jugador 2 |
| 37:58 | shottyg · tribute_sent a jugador 4 |
| 37:58 | shottyg · tribute_sent a jugador 5 |
| 37:58 | shottyg · tribute_sent a jugador 6 |
| 37:58 | shottyg · tribute_sent a jugador 7 |
| 37:58 | shottyg · tribute_sent a jugador 8 |
| 38:03 | 奶油小豚 · age_up imperial |
| 38:04 | Green boy · age_up imperial |
| 38:44 | 奶油小豚 · wall_segment Stone Wall x5 |
| 39:14 | BCPrattIV · wall_segment Stone Wall x3 |
| 39:14 | 王星 · tribute_sent a jugador 1 |
| 39:14 | 王星 · tribute_sent a jugador 2 |
| 39:14 | 王星 · tribute_sent a jugador 3 |
| 39:14 | 王星 · tribute_sent a jugador 5 |
| 39:14 | 王星 · tribute_sent a jugador 6 |
| 39:14 | 王星 · tribute_sent a jugador 7 |
| 39:14 | 王星 · tribute_sent a jugador 8 |
| 39:18 | BCPrattIV · wall_segment Stone Wall x5 |
| 39:20 | BCPrattIV · wall_segment Stone Wall x12 |
| 40:15 | 奶油小豚 · first_building Barracks |
| 40:38 | BCPrattIV · first_building Siege Workshop |
| 40:50 | 奶油小豚 · first_building Archery Range |
| 41:03 | BCPrattIV · age_up imperial |
| 42:04 | 王星 · tribute_sent a jugador 1 |
| 42:04 | 王星 · tribute_sent a jugador 2 |
| 42:04 | 王星 · tribute_sent a jugador 3 |
| 42:04 | 王星 · tribute_sent a jugador 5 |
| 42:04 | 王星 · tribute_sent a jugador 6 |
| 42:04 | 王星 · tribute_sent a jugador 7 |
| 42:04 | 王星 · tribute_sent a jugador 8 |
| 42:24 | Feather · first_building Siege Workshop |
| 44:23 | BCPrattIV · wall_segment Stone Wall x9 |
| 44:26 | Green boy · wall_segment Stone Wall x2 |
| 44:27 | Green boy · wall_segment Stone Wall x1 |
| 45:54 | BCPrattIV · wall_segment Stone Wall x3 |
| 46:34 | Nubsinc · tribute_sent a jugador 1 |
| 46:34 | Nubsinc · tribute_sent a jugador 2 |
| 46:34 | Nubsinc · tribute_sent a jugador 3 |
| 46:34 | Nubsinc · tribute_sent a jugador 4 |
| 46:34 | Nubsinc · tribute_sent a jugador 6 |
| 46:34 | Nubsinc · tribute_sent a jugador 7 |
| 46:34 | Nubsinc · tribute_sent a jugador 8 |
| 46:34 | shottyg · tribute_sent a jugador 1 |
| 46:34 | shottyg · tribute_sent a jugador 2 |
| 46:34 | shottyg · tribute_sent a jugador 4 |
| 46:34 | shottyg · tribute_sent a jugador 5 |
| 46:34 | shottyg · tribute_sent a jugador 6 |
| 46:34 | shottyg · tribute_sent a jugador 7 |
| 46:34 | shottyg · tribute_sent a jugador 8 |
| 47:52 | shottyg · wall_segment Stone Wall x4 |
| 48:29 | shottyg · wall_segment Stone Wall x1 |
| 48:56 | shottyg · wall_segment Stone Wall x5 |
| 48:59 | shottyg · wall_segment Stone Wall x3 |
| 50:48 | Nubsinc · resign |
[ AI ANALYSIS · 1 CREDIT ]
What really happened in this match?
Wolo.gg analyzes every decision: build order, eco, micro, common mistakes by bracket. Personalized analysis on WhatsApp or Discord in 30 seconds.
Civ guide
Hindustanis
Perfil
Jugador #5993155